 Dungeon Crawl Stone Soup version 0.28-a0-1087-gf3fc490d9d (webtiles) character file.

Game seed: 18405947695365908509

54 ragingrage the Chopper (level 3, -3/31 HPs)
             Began as a Palentonga Fighter on Dec 10, 2021.
             Slain by a scorpion (6 damage)
             ... on level 3 of the Dungeon.
             The game lasted 00:01:15 (2154 turns).

ragingrage the Chopper (Palentonga Fighter)         Turns: 2154, Time: 00:01:15

Health: -3/31      AC:  6    Str: 19    XL:     3   Next: 66%
Magic:  3/3        EV:  7    Int:  8    God:
Gold:   86         SH:  4    Dex: 11    Spells: 2/2 levels left

rFire   . . .      SeeInvis +   a - +0 war axe
rCold   . . .      Faith    .   c - +0 buckler
rNeg    . . .      Spirit   .   b - +0 scale mail
rPois   .          Reflect  .   (no helmet)
rElec   .          Harm     .   (no cloak)
rCorr   .          Rampage  .   (no gloves)
Will    .....                   (no barding)
Stlth   ..........              (no amulet)
HPRegen 0.10/turn               (no ring)
MPRegen 0.08/turn               (no ring)

@: lethally poisoned (-3 -> -4), attractive
A: large, rugged brown scales 3, see invisible, deformed body, roll 1, armoured
tail
a: Rolling Charge


You were on level 3 of the Dungeon.
You visited 1 branch of the dungeon, and saw 3 of its levels.

You collected 86 gold pieces.

Inventory:

Hand Weapons
 a - a +0 war axe (weapon)
Missiles
 e - a throwing net
Armour
 b - a +0 scale mail (worn)
 c - a +0 buckler (worn)
Jewellery
 k - an amulet of faith
Wands
 l - a wand of mindburst (8)
Scrolls
 f - a scroll of teleportation {unknown}
 h - a scroll of vulnerability {unknown}
 i - a scroll of amnesia {unknown}
 j - a scroll of identify {unknown}
Potions
 d - a potion of might


   Skills:
 - Level 3.0 Fighting
 * Level 4.1 Axes
 - Level 2.4 Armour
 - Level 2.4 Shields


You had 2 spell levels left.
You didn't know any spells.
Your spell library contained the following spells:

 Spells                   Type           Power      Damage    Failure   Level
 Ensorcelled Hibernation  Hex/Ice        0%         N/A       89%         2
 Tukima's Dance           Hex            0%         N/A       98%         3


Dungeon Overview and Level Annotations

Branches:
Dungeon (3/15)

Altars:
Uskayaw

Annotations:
D:2 exclusion: downstairs


Innate Abilities, Weirdness & Mutations

You are completely covered in rugged brown scales. (AC +3, +7% HP)
You have supernaturally acute eyesight. (SInv)
Armour fits poorly on your strangely shaped body.
You can roll at nearby foes to attack.
You have a long armoured tail.


Message History

Unknown command.
There are monsters nearby!
There is a stone staircase leading up here.
Roll where?
Press: ? - help, Dir - move target, f - scorpion
Aim: a scorpion You roll forward with a clatter of scales!
You hit the scorpion.
The scorpion is lightly wounded.
You hear a shout!
The scorpion stings you! The scorpion stings you.
You are poisoned.
The scorpion poisons you!
You hit the scorpion. You tail-slap the scorpion.
The scorpion is moderately wounded.
You feel very sick. The scorpion stings you.
You barely miss the scorpion.
The scorpion is moderately wounded.
You feel very sick. The scorpion barely misses you.
The scorpion stings you but does no damage.
You hit the scorpion.
The scorpion is heavily wounded.
You feel sick. The scorpion stings you.
* * * LOW HITPOINT WARNING * * *
You feel sick. You block the scorpion's attack.
There is a stone staircase leading up here.
It was a potion of attraction.
You feel attractive to monsters.
You feel sick. The scorpion barely misses you.
Unknown command.
You slash the scorpion!
The scorpion is almost dead.
You feel sick.
The scorpion stings you but does no damage.
You barely miss the scorpion.
The scorpion is almost dead.
You feel sick. The scorpion stings you.
You die...

#.#.........#### #
#............#
#...?...!..#.
........s...#
.#.........#.####
##..........#....#
#....# #.s..#
#.@..# #.>..#
#.#### ..# .### ..
##


You could see a scorpion.

Vanquished Creatures
  A worm (D:2)
  2 dart slugs
  7 bats
  2 endoplasms
  5 goblins
  6 hobgoblins
  6 jackals
  3 quokkas (D:1)
  2 frilled lizards (D:1)
  3 kobolds
  3 rats
40 creatures vanquished.

Notes
Turn   | Place    | Note
-------+----------+-------------------------------------------
     0 | D:1      | ragingrage the Palentonga Fighter began the quest for the
                  | Orb.
     0 | D:1      | Reached XP level 1. HP: 19/19 MP: 1/1
   325 | D:1      | Reached XP level 2. HP: 25/25 MP: 2/2
   573 | D:1      | Reached skill level 3 in Axes
   999 | D:1      | Reached XP level 3. HP: 28/31 MP: 3/3
  1579 | D:2      | Found a faded altar of an unknown god.
  1608 | D:2      | Found a hide-covered altar of Uskayaw.
  1685 | D:2      | Reached skill level 4 in Axes
  2116 | D:3      | Noticed a scorpion
  2154 | D:3      | Slain by a scorpion

Illustrated notes

Levels and vault maps discovered:
D:1:      nagdon_arrival_double_spiral, layout_basic, minmay_misc_feat_x,
          minmay_curled_crystal, nrook_mini_backslash, minmay_misc_feat_square
D:2:      layout_loops_ring, serial_glass, glass_columns_c, glass_columns_a,
          glass_columns_a, glass_columns_a, glass_columns_a, glass_columns_b,
          glass_columns_a, glass_columns_a, glass_columns_c, glass_columns_a,
          dilly_ecumenical_altar_fadedgnrine, basic_altar,
          grunt_decor_resistance
D:3:      layout_rooms, grunt_gozag_breadcrumbs

Skill      XL: |  1  2  3 |
---------------+----------+-----
Axes           | 3 4 |  4.1
Fighting       | |  3.0
Armour         | |  2.4
Shields        | |  2.4

Action                   || total
-------------------------++-------
Melee: War axe           ||    89
       Tailslap          ||    10
 Abil: Rolling Charge    ||     4
  Use: Potion            ||     1
Armor: Scale mail        ||    29
Dodge: Dodged            ||    38
Block: Buckler           ||    17

Table legend: (Time is in decaauts)
 A = Elapsed time spent in this place.
 B = Non-inter-level travel time spent in this place.
 C = Inter-level travel time spent in this place.
 D = Time resting spent in this place.
 E = Time spent auto-exploring this place.
 F = Levels seen in this place.
 G = Mean time per level.
                   A        B        C        D        E       F      G
               +--------+--------+--------+--------+--------+-----+--------+
         Total |   2184 |   2062 |    122 |    120 |   1688 |   3 |  728.0 |
       Dungeon |   2184 |   2062 |    122 |    120 |   1688 |   3 |  728.0 |
               +--------+--------+--------+--------+--------+-----+--------+

Top non-repeatable levels by time:
     D:1: 1421 daAuts
     D:2: 741 daAuts
     D:3: 21 daAuts
